AoeStats
← robertn_

Arabia

506370840Analyzed
1v1 RM · 19d ago on Sep 13, 2026· 52m 18s· 2 players
Game mode
Random Map
Map size
Tiny (2 player)
Population
200
Speed
Normal
Resources
Standard
Victory
Conquest
Starting age
Dark Age
Ending age
Imperial Age
RankedLock teamsTeams togetherTeam positionsShared explorationLock speedFull tech treeHidden civsTurbo modeCheats
Victory
Defeat
🇹🇷 Portuguese · Türkiye
642
+17
🇩🇪 Huns · Germany
661
-37
ercinbarlas1
11:19 Feudal Age
14:09 Wheelbarrow
14:49 Double-Bit Axe
14:55 Horse Collar
15:34 Stone Mining
17:52 Fishing Lines
25:09 Castle Age
26:37 Hand Cart
26:27 Gillnets
26:38 Gillnets
29:04 Bow Saw
32:21 Heavy Plow
34:48 Pikeman
35:13 Arson
43:04 Imperial Age
42:01 Stone Shaft Mining
41:17 Gold Mining
43:15 Halberdier
44:03 Capped Ram
46:12 Two-Man Saw
45:47 Crop Rotation
46:03 Circumnavigation
45:33 Sappers
47:43 Elite Organ Gun
robertn_
9:54 Feudal Age
12:15 Wheelbarrow
12:36 Double-Bit Axe
18:06 Horse Collar
18:26 Stone Mining
31:04 Castle Age
31:23 Crossbowman
32:10 Thumb Ring
39:01 Hand Cart
38:51 Heavy Plow
38:45 Gold Mining
44:12 Imperial Age
43:24 Gold Shaft Mining
Connection lost

Rejoining the realm…

Still unreachable

The connection could not be restored.

Session expired

The server has moved on; the page needs a fresh start.